 Dungeon Crawl Stone Soup version 0.25.1-2-g60ff931df9 (webtiles) character file.

Game seed: 13030151575578511638

17479 Kaiern the Fighter (level 12, -4/113 HPs)
             Began as a Minotaur Fighter on Sept 12, 2020.
             Was an Elder of the Shining One.
             Slain by a 12-headed hydra (12 damage)
             ... on level 2 of the Lair of Beasts.
             The game lasted 00:52:59 (16461 turns).

Kaiern the Fighter (Minotaur Fighter)              Turns: 16461, Time: 00:53:00

Health: -4/113     AC: 18    Str: 25    XL:     12   Next: 19%
Magic:  17/17      EV:  6    Int:  5    God:    the Shining One [****..]
Gold:   641        SH: 16    Dex: 11    Spells: 11/11 levels left

rFire    + . .     SeeInvis .   a - +1 war axe
rCold    . . .     Gourm    .   c - +1 kite shield
rNeg     + + .     Faith    .   q - +0 chain mail
rPois    .         Spirit   .   M - +2 hat {MR+}
rElec    .         Reflect  +   p - scarf {repulsion}
rCorr    +         Harm     .   (no gloves)
MR       +....                  m - +2 pair of boots
Stlth    ..........             H - amulet of reflection
HPRegen  0.28/turn              B - ring of protection from fire
MPRegen  0.15/turn              I - ring of resist corrosion

@: glowing, repel missiles, very slow
A: retaliatory headbutt, horns 2
a: Divine Shield, Cleansing Flame, Renounce Religion


You were on level 2 of the Lair of Beasts.
You worshipped the Shining One.
The Shining One was greatly pleased with you.
You were not hungry.

You visited 3 branches of the dungeon, and saw 15 of its levels.

You collected 641 gold pieces.

Inventory:

Hand Weapons
 a - a +1 war axe (weapon)
Missiles
 h - 2 throwing nets
 o - 2 javelins (quivered)
Armour
 c - a +1 kite shield (worn)
 g - a +0 pair of boots
 m - a +2 pair of boots (worn)
 p - a scarf of repulsion (worn)
 q - a +0 chain mail (worn)
 M - a +2 hat of magic resistance (worn)
Jewellery
 u - an uncursed ring of fire
 B - a ring of protection from fire (left hand)
 H - an amulet of reflection (around neck)
 I - a ring of resist corrosion (right hand)
Wands
 y - a wand of paralysis (12)
 z - a wand of enslavement (8)
 F - a wand of polymorph (9)
 G - a wand of acid (7)
Scrolls
 b - 2 scrolls of immolation
 e - 3 scrolls of blinking
 k - a scroll of identify
 t - a scroll of holy word
 w - 3 scrolls of remove curse
 D - 2 scrolls of magic mapping
 J - a scroll of random uselessness {unknown}
 K - a scroll of teleportation
 N - a scroll of fear
Potions
 d - 2 potions of might
 i - 2 potions of flight
 j - a potion of ambrosia
 l - a potion of cancellation
 n - 5 potions of curing
 r - 2 potions of lignification
 s - 2 potions of brilliance
 v - a potion of mutation
 x - a potion of invisibility {unknown}
 A - a potion of haste
 C - 3 potions of degeneration {unknown}
 E - a potion of berserk rage
Comestibles
 f - 15 rations


   Skills:
 + Level 12.5 Fighting
 + Level 12.2 Axes
 - Level 3.1 Throwing
 + Level 12.5 Armour
 - Level 5.0 Shields
 + Level 8.5 Invocations


You had 11 spell levels left.
You didn't know any spells.
Your spell library was empty.

Dungeon Overview and Level Annotations

Branches:
Dungeon (12/15)            Temple (1/1) D:4            Lair (2/6) D:8
    Orc (0/2) D:12
  Swamp: Lair:2-4    Shoals: Lair:2-4     Snake: Lair:2-4    Spider: Lair:2-4

Altars:
Ashenzari
Cheibriados
Dithmenos
Elyvilon
Fedhas
Gozag
Hepliaklqana
Kikubaaqudgha
Makhleb
Nemelex Xobeh
Okawaru
Qazlal
Ru
Sif Muna
Trog
Uskayaw
Vehumet
Wu Jian
Xom
Yredelemnul
Zin
The Shining One

Shops:
D:7 (

Annotations:
D:3 1 runed translucent door, exclusion: door, Crazy Yiuf
D:12 Erolcha


Innate Abilities, Weirdness & Mutations

You reflexively headbutt those who attack you in melee.
You have a pair of horns on your head.


Message History

The 12-headed hydra bites you.
* * * LOW HITPOINT WARNING * * *
The 12-headed hydra barely misses you.
The 12-headed hydra bites you but does no damage.
The 12-headed hydra bites you!
* * * LOW HITPOINT WARNING * * *
You block the 12-headed hydra's attack.
The 12-headed hydra bites you but does no damage.
There is an open door here.
You enter the shallow water.
Moving in this stuff is going to be slow.
You block the 12-headed hydra's attack. The 12-headed hydra barely misses you.
The 12-headed hydra completely misses you.
The 12-headed hydra barely misses you. The 12-headed hydra bites you.
* * * LOW HITPOINT WARNING * * *
You block the 12-headed hydra's attack. The 12-headed hydra barely misses you.
The 12-headed hydra bites you.
* * * LOW HITPOINT WARNING * * *
The 12-headed hydra bites you!
You die...

#≈≈≈≈≈≈.P......P.####.
#≈≈≈≈≈≈≈≈.........#.P.
#≈≈≈≈≈≈≈≈≈............
##.≈≈≈≈≈≈≈≈P.......##.
#P.≈≈≈≈≈≈≈≈.......#..
#P...≈≈≈≈≈≈≈#####....
#≈≈≈..≈≈≈≈≈≈.≈..#.#..
####...≈≈≈≈≈.≈..#.#..
#.≈D@...........'...[
#≈≈#..≈.≈≈≈≈#≈..#....
#'##.##≈≈≈≈≈#≈≈P#.P..
#.≈#.≈#≈≈≈≈≈#####.P.P
#≈≈≈≈≈#..≈≈≈≈≈P..P...
#'#####.P≈≈≈≈≈.......
#.. #..≈≈≈≈≈.......
#P.. #P.≈≈≈≈≈≈P....#
#P≈≈. #..≈≈≈≈≈≈.....#


You could see a 12-headed hydra.

Vanquished Creatures
  Gastronok (Lair:2)
  A two-headed ogre (D:11)
  A centaur zombie (D:10)
  An elephant (D:8)
  5 spiny frogs
  4 gargoyles
  Maggie (D:10)
  A troll (D:10)
  A hornet (D:12)
  A slime creature (D:12)
  5 blink frogs (Lair:2)
  3 hippogriffs
  A spriggan (D:10)
  2 wraiths
  Eustachio (D:4)
  A wyvern (D:6)
  2 yaks
  2 basilisks
  A hungry ghost (D:7)
  A soldier ant (D:11)
  7 water moccasins
  3 ice beasts
  3 porcupines
  2 black bears
  3 sky beasts
  3 orc warriors
  A necrophage (D:12)
  A phantom (D:9)
  2 ogres
  7 wolves
  A big kobold (D:11)
  9 centaurs
  7 crocodiles
  6 bullfrogs
  2 water moccasin zombies
  5 scorpions
  A wyvern skeleton (D:12)
  21 killer bees
  7 crimson imps
  2 bullfrog zombies
  8 hounds
  5 orc priests
  5 jellies
  3 bullfrog skeletons
  3 centaur skeletons
  4 iguanas
  6 orc wizards
  7 worker ants
  A hound skeleton (D:11)
  2 worker ant zombies
  4 gnolls (D:5)
  11 adders
  2 river rats (D:5)
  3 shadow imps
  An adder skeleton (D:6)
  2 adder zombies
  3 worms
  A dart slug (D:1)
  4 leopard geckos
  37 orcs
  3 ball pythons
  7 bats
  6 giant cockroaches
  8 goblins
  12 hobgoblins
  12 jackals
  18 kobolds
  5 quokkas
  A ball python skeleton (D:4)
  3 frilled lizards
  A leopard gecko zombie (D:7)
  14 rats
331 creatures vanquished.

Notes
Turn   | Place    | Note
-------+----------+-------------------------------------------
     0 | D:1      | Kaiern the Minotaur Fighter began the quest for the Orb.
     0 | D:1      | Reached XP level 1. HP: 19/19 MP: 0/0
   374 | D:1      | Reached XP level 2. HP: 27/27 MP: 1/1
   404 | D:1      | Found a shattered altar of Ashenzari.
  1010 | D:2      | Reached XP level 3. HP: 7/33 MP: 2/2
  1752 | D:2      | Reached XP level 4. HP: 41/41 MP: 3/3
  2055 | D:2      | Found a bloodstained altar of Trog.
  2913 | D:3      | Found a runed translucent door.
  2914 | D:3      | Noticed Crazy Yiuf
  3160 | D:4      | Reached XP level 5. HP: 40/47 MP: 4/4
  3515 | D:3      | Reached skill level 5 in Armour
  3525 | D:3      | Reached skill level 5 in Fighting
  3525 | D:3      | Reached skill level 5 in Shields
  3564 | D:4      | Reached XP level 6. HP: 56/56 MP: 5/5
  3632 | D:4      | Noticed Eustachio
  3649 | D:4      | Killed Eustachio
  3649 | D:4      | Reached skill level 5 in Axes
  3787 | D:4      | Reached XP level 7. HP: 41/63 MP: 6/6
  3964 | D:4      | Found a staircase to the Ecumenical Temple.
  3971 | D:4      | Got a pair of transparent gloves
  3977 | D:4      | Identified the +2 pair of gloves "Xiffipog" {Str+2 Int+4
                  | Slay-5 SInv} (You found it on level 4 of the Dungeon)
  3987 | Temple   | Entered the Ecumenical Temple
  4192 | Temple   | Became a worshipper of the Shining One
  4319 | D:4      | Found an opulent altar of Gozag.
  4418 | D:5      | Entered Level 5 of the Dungeon
  4591 | D:5      | Reached skill level 1 in Throwing
  5049 | D:5      | Reached XP level 8. HP: 65/73 MP: 7/7
  5412 | D:5      | Reached * piety under the Shining One
  5564 | D:5      | Found an ornate altar of the Wu Jian Council.
  5902 | D:6      | Reached skill level 1 in Invocations
  7095 | D:7      | Reached XP level 9. HP: 76/81 MP: 9/9
  7300 | D:7      | Found Qephurisk's Antique Weapon Shop.
  7558 | D:8      | Reached ** piety under the Shining One
  7806 | D:8      | Found a staircase to the Lair.
  7806 | D:8      | Noticed an elephant
  7863 | D:8      | HP: 6/124 [elephant (11)]
  7866 | D:8      | Killed an elephant
  9075 | D:9      | Reached XP level 10. HP: 91/91 MP: 12/12
  9179 | D:9      | Found a shimmering altar of Xom.
  9340 | D:10     | Entered Level 10 of the Dungeon
  9352 | D:10     | Reached skill level 5 in Invocations
  9661 | D:10     | Reached skill level 10 in Fighting
  9824 | D:10     | Reached skill level 10 in Armour
  9923 | D:10     | Noticed Maggie
  9930 | D:10     | Killed Maggie
 10013 | D:10     | Reached skill level 10 in Axes
 10053 | D:10     | Reached *** piety under the Shining One
 10126 | D:10     | Noticed a gargoyle
 10130 | D:10     | Killed a gargoyle
 10413 | D:11     | Noticed a gargoyle
 10432 | D:11     | Killed a gargoyle
 10924 | D:11     | Reached XP level 11. HP: 96/101 MP: 14/14
 11625 | D:11     | Noticed a two-headed ogre
 11636 | D:11     | Killed a two-headed ogre
 12164 | D:12     | Reached **** piety under the Shining One
 12185 | D:12     | Found a staircase to the Orcish Mines.
 12545 | D:12     | Noticed Erolcha
 12548 | D:12     | Paralysed by Erolcha for 6 turns
 12750 | D:12     | Paralysed by Erolcha for 3 turns
 13243 | Lair:1   | Entered Level 1 of the Lair of Beasts
 13890 | Lair:1   | You fall into a shaft and drop 1 floor!
 15128 | Lair:1   | Reached XP level 12. HP: 112/112 MP: 17/17
 16038 | Lair:2   | Noticed Gastronok
 16053 | Lair:2   | Killed Gastronok
 16448 | Lair:2   | Noticed an eight-headed hydra
 16461 | Lair:2   | Slain by a 12-headed hydra

Illustrated notes

Levels and vault maps discovered:
D:1:      dpeg_arrival_pits, layout_basic, minmay_misc_feat_tiny,
          minmay_misc_feat_alley, evilmike_ruin_ashenzari
D:2:      layout_loops_cross, lightli_temple_of_fire
D:3:      layout_loops_ring, uniq_crazy_yiuf_cottage
D:4:      layout_cave_pools, kennysheep_little_box,
          minmay_temple_entry_drinking_statues, first_ration, uniq_eustachio
D:5:      layout_basic, lemuel_coloured_pillars_altar, portal_sewer_entry_b
D:6:      layout_gridville
D:7:      layout_basic, serial_shops, shop
D:8:      layout_cave_pods, david_lair_generic
D:9:      layout_basic, xom_teletrap_fun
D:10:     layout_loops_cross, the_bakery, uniq_maggie
D:11:     layout_long_grid
D:12:     layout_roguey, orc_0_dummy, uniq_erolcha
Temple:   eino_narrow_crystal_temple
Lair:1:   layout_long_grid, beast_lair_carwin_5, serial_bayou_shore_a
Lair:2:   cheibrodos_lair_river_kwai, layout_chaotic_city, lemuel_fruit_fields,
          uniq_gastronok

Skill      XL: |  1  2  3  4  5  6  7  8  9 10 11 12 |
---------------+-------------------------------------+-----
Fighting       | 4 5 6 7 8 9 10 12 | 12.5
Shields        | 4 5 |  5.0
Armour         | 4 5 6 8 9 10 12 | 12.5
Axes           | 3 4 5 6 7 9 10 11 12 | 12.2
Throwing       | 2 3 |  3.1
Invocations    | 2 4 6 8 |  8.5

Action                   |  1- 3 |  4- 6 |  7- 9 | 10-12 || total
-------------------------+-------+-------+-------+-------++-------
Melee: War axe           |    99 |   157 |   281 |   464 ||  1001
       Headbutt          |    11 |    21 |    54 |    94 ||   180
Throw: Javelin           |       |    12 |     4 |       ||    16
       Throwing net      |       |     1 |       |       ||     1
  Use: Scroll            |       |       |    11 |    10 ||    21
       Potion            |       |       |     4 |     2 ||     6
  Eat: Chunk             |     3 |     7 |     7 |     7 ||    24
       Ration            |       |       |     3 |     5 ||     8
Armor: Scale mail        |    54 |    14 |       |       ||    68
       Chain mail        |       |    71 |   139 |   208 ||   418
       Skin              |       |       |     1 |       ||     1
Dodge: Dodged            |    36 |    39 |    51 |    95 ||   221
       Repelled          |       |       |       |     4 ||     4
Block: Kite shield       |    61 |    87 |   136 |   282 ||   566
